 Dungeon Crawl Stone Soup version 0.31-a0-1227-g0136665373 (webtiles) character file.

Game seed: 13014781904891427041

72 avis the Ruffian (level 4, 0/41 HPs)
             Began as a Hill Orc Monk on Dec 14, 2023.
             Slain by a gnoll
             ... wielding a +0 halberd
              (6 damage)
             ... on level 2 of the Dungeon.
             The game lasted 00:04:41 (820 turns).

avis the Ruffian (Hill Orc Monk)                     Turns: 820, Time: 00:04:42

Health: 0/41       AC:  8    Str: 15    XL:     4   Next: 26%
Magic:  4/4        EV:  7    Int: 10    God:
Gold:   40         SH:  0    Dex: 13    Spells: 3/3 levels left

rFire   . .          .
                       - Unarmed
rCold   . . .        c - orb {light}
rNeg    . . .        h - +0 chain mail
rPois   .            (no helmet)
rElec   .            (no cloak)
rCorr   .            (no gloves)
SInv    .            (no boots)
Will    .....        (no amulet) Stlth
                     (no ring)
HPRegen 0.26/turn    (no ring)
MPRegen 0.09/turn

%: no passive effects
@: glowing
A: no striking features
a: no special abilities


You were on level 2 of the Dungeon.
You visited 1 branch of the dungeon, and saw 2 of its levels.

You collected 40 gold pieces.

Inventory:

Missiles
 i - 2 poisoned darts
Armour
 a - a +0 robe
 c - an orb of light (worn)
 h - a +0 chain mail (worn)
Talismans
 f - a flux talisman
Scrolls
 e - a scroll of blinking {unknown}
 k - a scroll of fog {unknown}
 l - a scroll of torment {unknown}
 m - a scroll of immolation {unknown}
 n - a scroll of identify {unknown}
Potions
 b - a potion of ambrosia
 d - a potion of degeneration {unknown}
 g - a potion of mutation {unknown}
 j - a potion of resistance {unknown}


   Skills:
 + Level 4.3 Fighting
 + Level 1.7 Armour
 - Level 2.4 Dodging
 * Level 4.5 Unarmed Combat


You had 3 spell levels left.
You didn't know any spells.
Your spell library contained the following spells:

 Spells                   Type           Power      Damage    Failure   Level
 Foxfire                  Conj/Fire      0%         2x1d4     99%         1
 Kiss of Death            Conj/Necr      0%         2d5       99%         1
 Sticky Flame             Conj/Fire      0%         2d3       100%        4
 Starburst                Conj/Fire      0%         6d3       100%        6
 Lehudib's Crystal Spear  Conj/Erth      0%         10d2      100%        8


Dungeon Overview and Level Annotations

Branches:
Dungeon (2/15)

Altars:


Message History

The gnoll is heavily wounded.
The gnoll hits you with a +0 flail.
You barely miss the gnoll.
The gnoll is heavily wounded.
The gnoll hits you with a +0 flail.
The gnoll shouts!
You hit the gnoll.
The gnoll is heavily wounded.
You punch the gnoll!
You kill the gnoll!
You hit the gnoll.
You kill the gnoll!
You have reached level 4!
You punch the gnoll!
The gnoll is severely wounded.
The gnoll closely misses you.
The gnoll hits you from afar with a +0 halberd!
You hit the gnoll.
You kill the gnoll!
The gnoll hits you from afar with a +0 halberd.
The gnoll hits you but does no damage.
Items here: $ ))) †.
You barely miss the gnoll. The gnoll hits you with a +0 halberd.
You hit the gnoll.
The gnoll is moderately wounded.
The gnoll hits you with a +0 halberd.
You hit the gnoll but do no damage.
The gnoll is moderately wounded.
The gnoll hits you with a +0 halberd!
You hit the gnoll.
The gnoll is heavily wounded.
The gnoll barely misses you.
You barely miss the gnoll.
The gnoll is heavily wounded.
The gnoll hits you with a +0 halberd!
* * * LOW HITPOINT WARNING * * *
You hit the gnoll but do no damage.
The gnoll is heavily wounded.
The gnoll hits you with a +0 halberd.
You die...

.# . #### .# ....## .#
.#...##
########.############
.g...
.###....................
#.g.#
.g..g.............#####.
...
.##.##)................
#.# #g##.###########..
#<# #@##.# ##.. #.#
#.##.# ######... #.#
#.##.# #........
##.####.# #.##.#
#.####... # #.......#
#.##.# #.# ##.. #
#..###### #.##.# #.# #..
###.....### #.##.# #.#
#.. .†..........
#.##.#####.#####..
##..###.....
..##..............


You could see a gnoll.

Vanquished Creatures
  3 gnolls (D:2)
  An adder (D:2)
  2 worms (D:2)
  2 endoplasms
  2 giant cockroaches (D:2)
  2 goblins (D:1)
  5 hobgoblins
  4 jackals (D:1)
  2 ball pythons (D:1)
  3 bats
  2 kobolds
  A rat (D:1)
29 creatures vanquished.

Notes
Turn   | Place    | Note
-------+----------+-------------------------------------------
     0 | D:1      | avis the Hill Orc Monk began the quest for the Orb.
     0 | D:1      | Reached XP level 1. HP: 19/19 MP: 1/1
   129 | D:1      | You fall into a shaft and drop 1 floor!
   148 | D:2      | Reached XP level 2. HP: 11/27 MP: 2/2
   155 | D:2      | Reached skill level 1 in Armour
   304 | D:1      | Reached XP level 3. HP: 33/33 MP: 3/3
   433 | D:1      | Got Vehumet's Compilation of Hurting
   811 | D:2      | Reached XP level 4. HP: 36/40 MP: 4/4
   820 | D:2      | Slain by a gnoll

Illustrated notes

Levels and vault maps discovered:
D:1:      dpeg_arrival_radiant, layout_rooms, minmay_tromino_v4_b
D:2:      layout_loops_ring

Skill      XL: |  1  2  3 |
---------------+----------+-----
Armour         | 1 |  1.7
Fighting       | 4 |  4.3
Unarmed Combat | 4 |  4.5
Dodging        | |  2.4

Action                     |  1- 3 |  4- 6 || total
---------------------------+-------+-------++-------
  Melee: Unarmed           |    89 |     8 ||    97
 Armour: Robe              |     6 |       ||     6
         Chain mail        |    31 |     8 ||    39
  Dodge: Dodged            |    31 |     2 ||    33

Table legend: (Time is in decaauts)
 A = Elapsed time spent in this place.
 B = Non-inter-level travel time spent in this place.
 C = Inter-level travel time spent in this place.
 D = Time resting spent in this place.
 E = Time spent auto-exploring this place.
 F = Levels seen in this place.
 G = Mean time per level.
                   A        B        C        D        E       F      G
               +--------+--------+--------+--------+--------+-----+--------+
         Total |    812 |    759 |     53 |     43 |    464 |   2 |  406.0 |
       Dungeon |    812 |    759 |     53 |     43 |    464 |   2 |  406.0 |
               +--------+--------+--------+--------+--------+-----+--------+

Top non-repeatable levels by time:
     D:1: 562 daAuts
     D:2: 250 daAuts
